 Dungeon Crawl Stone Soup version 0.30-a0-1018-g25214051b3 (webtiles) character file.

Game seed: 4551671008664529282

16368 DeathPants the Grappler (level 12, -1/99 HPs)
             Began as a Demonspawn Gladiator on Apr 7, 2023.
             Was a Believer of Makhleb.
             Slain by a red ugly thing (6 damage)
             ... on level 12 of the Dungeon.
             The game lasted 00:36:35 (13236 turns).

DeathPants the Grappler (Demonspawn Gladiator)     Turns: 13236, Time: 00:36:35

Health: -1/99      AC: 17    Str: 18    XL:     12   Next: 9%
Magic:  13/13      EV: 11    Int: 12    God:    Makhleb [**....]
Gold:   592        SH:  0    Dex: 14    Spells: 13/13 levels left

rFire   . . .      SeeInvis .      - Unarmed
rCold   . . .      Faith    .    (no shield)
rNeg    . . .      Spirit   .    B - +4 scale mail
rPois   .          Reflect  .    c - +0 helmet
rElec   .          Rampage  .    u - +0 cloak
rCorr   .                        (no gloves)
Will    .....                    F - +0 pair of boots Stlth
                                 i - amulet of magic regeneration
HPRegen 0.36/turn                J - +4 ring of protection
MPRegen 0.53/turn                E - +4 ring of slaying

@: slowed, very slow
A: claws 2, demonic guardian 2, icemail 1, condensation shield
a: Renounce Religion, Minor Destruction


You were on level 12 of the Dungeon.
You worshipped Makhleb.
Makhleb was pleased with you.
You visited 2 branches of the dungeon, and saw 14 of its levels.

You collected 592 gold pieces.

Inventory:

Hand Weapons
 b - the +6 flail of the Apocalypse {flame, Str+3 Int+4}
   (You found it on level 7 of the Dungeon)

   Str:       It affects your strength (+3).
   Int:       It affects your intelligence (+4).
 s - a +2 flail of protection
 A - a +2 hand axe of electrocution
Missiles
 e - 5 javelins
 m - 16 poisoned darts
 q - 5 boomerangs of dispersal
 x - a throwing net (quivered)
 C - 9 boomerangs
 N - a curare-tipped dart
Armour
 c - a +0 helmet (worn)
 r - the +2 robe of the Maze {rCorr Str+3}
   (You took it off an orc on level 3 of the Dungeon)

   Str:       It affects your strength (+3).
   rCorr:     It protects you from acid and corrosion.
 u - a +0 cloak (worn)
 B - a +4 scale mail (worn)
 F - a +0 pair of boots (worn)
 P - a +0 troll leather armour
Jewellery
 g - a +6 ring of intelligence
 i - an amulet of magic regeneration (around neck)
 j - a ring of wizardry
 p - a ring of resist corrosion
 E - a +4 ring of slaying (right claw)
 J - a +4 ring of protection (left claw)
 O - a +5 ring of evasion
Wands
 v - a wand of charming (24)
 y - a wand of iceblast (9)
Scrolls
 h - 3 scrolls of magic mapping
 k - 3 scrolls of teleportation
 l - 2 scrolls of enchant weapon
 D - 2 scrolls of blinking
 H - a scroll of summoning
Potions
 a - a potion of haste
 d - 6 potions of curing
 f - a potion of might
 n - 2 potions of mutation
 o - a potion of heal wounds
 t - a potion of lignification
 w - 3 potions of flight
 z - 4 potions of brilliance
 G - a potion of magic
 I - 5 potions of resistance
 K - a potion of invisibility
 L - 3 potions of degeneration {unknown}
 M - a potion of ambrosia {unknown}


   Skills:
 + Level 10.9 Fighting
 - Level 2.6 Maces & Flails
 - Level 1.7 Throwing
 - Level 2.4 Armour
 - Level 3.7 Dodging
 * Level 13.6 Unarmed Combat
 - Level 1.0 Spellcasting
 + Level 6.2 Evocations


You had 13 spell levels left.
You didn't know any spells.
Your spell library contained the following spells:

 Spells                   Type           Power      Damage    Failure   Level
 Kiss of Death            Conj/Necr      0%         2d5       67%         1
 Ensorcelled Hibernation  Hex/Ice        0%         N/A       82%         2
 Passwall                 Tmut/Erth      0%         N/A       82%         2
 Scorch                   Fire           0%         2d5       82%         2
 Confusing Touch          Hex            0%         N/A       96%         3
 Dazzling Flash           Conj/Hex       0%         N/A       96%         3
 Inner Flame              Hex/Fire       0%         N/A       96%         3
 Ozocubu's Armour         Ice            0%         N/A       96%         3
 Swiftness                Air            0%         N/A       96%         3
 Volatile Blastmotes      Fire/Tloc      0%         2d10      96%         3
 Animate Armour           Summ/Erth      0%         N/A       100%        4
 Dispel Undead            Necr           0%         3d6       100%        4
 Flame Wave               Conj/Fire      0%         2d4       100%        4
 Iskenderun's Mystic Bla  Conj/Tloc      0%         2d3       100%        4
 Sticky Flame             Conj/Fire      0%         2d3       100%        4
 Blade Hands              Tmut           0%         N/A       100%        5
 Metabolic Englaciation   Hex/Ice        0%         N/A       100%        5
 Iron Shot                Conj/Erth      0%         9d1       100%        6
 Simulacrum               Ice/Necr       0%         N/A       100%        6
 Starburst                Conj/Fire      0%         6d3       100%        6
 Summon Cactus Giant      Summ           0%         N/A       100%        6


Dungeon Overview and Level Annotations

Branches:
Dungeon (13/15)            Temple (1/1) D:5            Lair (0/5) D:8
    Orc (0/2) D:9
 Vaults: D:13-14

Altars:
Ashenzari
Cheibriados
Dithmenos
Fedhas
Gozag
Hepliaklqana
Kikubaaqudgha
Makhleb
Nemelex Xobeh
Okawaru
Qazlal
Ru
Sif Muna
Trog
Uskayaw
Vehumet
Wu Jian
Xom
Yredelemnul


Innate Abilities, Weirdness & Mutations

You have very sharp fingernails.
A demonic guardian rushes to your aid.
A meltable icy envelope protects you from harm. (AC +0)
A meltable shield of frost defends you. (SH +0)


Message History

The red ugly thing attacks as you move away!
The red ugly thing closely misses you.
The vampire mosquito bites you but does no damage.
The wraith misses you.
You barely miss the wraith.
The vampire mosquito bites you but does no damage.
The red ugly thing bites you but does no damage.
You scratch the wraith but do no damage.
The vampire mosquito bites you but does no damage.
The wraith barely misses you.
The vampire mosquito bites you but does no damage.
The wraith hits you! The wraith drains your vigour!
You feel yourself slow down.
You claw the deep elf pyromancer!
The deep elf pyromancer is severely wounded.
The deep elf pyromancer casts a spell at you.
The sticky flame hits you!
You are covered in liquid flames!
The wraith barely misses you.
The red ugly thing bites you but does no damage.
You scratch the deep elf pyromancer.
The deep elf pyromancer is almost dead.
You are covered in liquid flames!
A demonic guardian appears!
You are no longer on fire.
The deep elf pyromancer hits you but does no damage.
The wraith hits you but does no damage.
The vampire mosquito bites you but does no damage.
The red ugly thing bites you!
* * * LOW HITPOINT WARNING * * *
You are engulfed in flames!!
* * * LOW HITPOINT WARNING * * *
You closely miss the deep elf pyromancer.
The deep elf pyromancer is almost dead.
The vampire mosquito bites you but does no damage.
The wraith hits you but does no damage.
The deep elf pyromancer hits you but does no damage.
The vampire mosquito bites you but does no damage.
The red ugly thing bites you.
You die...

..# ..# ..# ..# ..#
..######################
................>.......
............>..u........
.............).W@.......
...............ye..$....
...............3........
........................
........................
........................
.. ...................
.. ############### ..


You could see a red ugly thing, a deep elf pyromancer (ally target), a wraith, a
vampire mosquito and a friendly soul eater (summoned).

Vanquished Creatures
  5 two-headed ogres
  A boulder beetle (D:10)
  Pikel (D:6)
  2 deep elf pyromancers (D:12)
  3 manticores (D:11)
  2 gargoyles (D:11)
  2 unseen horrors
  2 hornets (D:9)
  Grinder (D:5)
  3 trolls
  Prince Ribbit (D:7)
  3 slime creatures (D:12)
  3 yaks (D:8)
  2 humans (D:10)
  2 vampire mosquitoes (D:12)
  Edmund (D:6)
  Menkaure (D:6)
  3 water moccasins
  A sky beast (D:7)
  8 orc warriors
  2 ice beasts
  3 ogres
  2 wolves (D:8)
  2 phantoms
  3 centaurs
  2 kobold brigands
  2 lemures (D:6)
  3 bullfrogs
  3 scorpions (D:5)
  A gnoll sergeant (D:5)
  10 wights
  13 killer bees
  An electric eel (D:8)
  8 howler monkeys
  6 hounds
  A jelly (D:5)
  8 orc priests
  3 sleepcaps
  Ijyb (D:5)
  2 iguanas
  8 orc wizards
  12 gnolls
  6 adders
  2 shadow imps (D:7)
  3 white imps
  2 ufetubi
  2 worms
  2 dart slugs
  36 orcs
  8 ball pythons
  2 bats
  5 endoplasms
  A giant cockroach (D:1)
  17 goblins
  4 hobgoblins
  6 jackals
  4 quokkas
  2 frilled lizards (D:2)
  9 kobolds
  4 rats
258 creatures vanquished.

Vanquished Creatures (collateral kills)
  An ugly thing (D:11)
  A gargoyle (D:11)
  A centaur (D:12)
  A killer bee (D:5)
  An orc wizard (D:9)
  Robin (D:4)
  4 gnolls (D:5)
  2 adders
  5 orcs
  4 goblins (D:4)
21 creatures vanquished.

Grand Total: 279 creatures vanquished

Notes
Turn   | Place    | Note
-------+----------+-------------------------------------------
     0 | D:1      | DeathPants the Demonspawn Gladiator began the quest for the
                  | Orb.
     0 | D:1      | Reached XP level 1. HP: 16/16 MP: 1/1
    18 | D:2      | Gained mutation: A weak demonic guardian rushes to your
                  | aid. [demonic ancestry]
    18 | D:2      | Reached XP level 2. HP: 20/22 MP: 2/2
   374 | D:1      | Reached skill level 1 in Armour
   376 | D:1      | Reached skill level 1 in Spellcasting
   448 | D:1      | Gained mutation: You have sharp fingernails. [demonic
                  | ancestry]
   448 | D:1      | Reached XP level 3. HP: 28/28 MP: 4/4
   783 | D:1      | Reached skill level 1 in Unarmed Combat
   783 | D:1      | Gained mutation: A demonic guardian rushes to your aid.
                  | [demonic ancestry]
   783 | D:1      | Reached XP level 4. HP: 30/34 MP: 5/5
  2090 | D:3      | Found a faded altar of an unknown god.
  2151 | D:3      | Identified the +2 robe of the Maze {rCorr Str+3}
  2257 | D:3      | Gained mutation: You have very sharp fingernails. [demonic
                  | ancestry]
  2257 | D:3      | Reached XP level 5. HP: 28/40 MP: 6/6
  2400 | D:3      | Reached skill level 2 in Unarmed Combat
  2554 | D:5      | Entered Level 5 of the Dungeon
  3029 | D:4      | Noticed Robin
  3061 | D:4      | Killed Robin
  3225 | D:4      | Noticed an ogre
  3234 | D:4      | Killed an ogre
  3235 | D:4      | Reached skill level 3 in Unarmed Combat
  3235 | D:4      | Gained mutation: A meltable shield of frost defends you.
                  | (SH +0) [demonic ancestry]
  3235 | D:4      | Reached XP level 6. HP: 48/48 MP: 7/7
  3588 | D:5      | Noticed Ijyb
  3601 | D:5      | Killed Ijyb
  3602 | D:5      | Reached skill level 4 in Unarmed Combat
  3676 | D:5      | Reached XP level 7. HP: 54/54 MP: 8/8
  3932 | D:4      | Reached skill level 5 in Unarmed Combat
  4039 | D:5      | Found a staircase to the Ecumenical Temple.
  4054 | Temple   | Entered the Ecumenical Temple
  4535 | D:5      | Reached skill level 5 in Fighting
  4663 | D:6      | Found an ancient bone altar of Kikubaaqudgha.
  4674 | D:5      | Reached skill level 6 in Unarmed Combat
  4679 | D:5      | Gained mutation: A meltable icy envelope protects you from
                  | harm. (AC +0) [demonic ancestry]
  4679 | D:5      | Reached XP level 8. HP: 20/62 MP: 9/9
  5047 | D:6      | Noticed Edmund
  5069 | D:6      | Killed Edmund
  5459 | D:6      | Reached skill level 7 in Unarmed Combat
  5723 | D:6      | Noticed Pikel
  5752 | D:6      | Killed Pikel
  5753 | D:6      | Reached skill level 8 in Unarmed Combat
  5753 | D:6      | Reached XP level 9. HP: 53/71 MP: 10/10
  5927 | D:6      | Noticed Menkaure
  5938 | D:6      | Killed Menkaure
  6314 | D:6      | Noticed Grinder
  6332 | D:5      | Killed Grinder
  6333 | D:5      | Reached skill level 9 in Unarmed Combat
  6541 | D:6      | Found a sparkling altar of Nemelex Xobeh.
  6650 | D:7      | Identified the +6 flail of the Apocalypse {flame, Str+3
                  | Int+4}
  7027 | D:7      | Noticed Prince Ribbit
  7034 | D:7      | Killed Prince Ribbit
  7035 | D:7      | Reached skill level 10 in Unarmed Combat
  7187 | D:7      | Identified the +3 morningstar of the Priest {freeze, rElec
                  | rPois Dex-4}
  7346 | D:7      | Reached XP level 10. HP: 69/80 MP: 11/11
  7799 | D:8      | Found a staircase to the Lair.
  8475 | D:8      | Reached skill level 11 in Unarmed Combat
  8715 | Temple   | Became a worshipper of Makhleb the Destroyer
  8792 | D:9      | Noticed a two-headed ogre
  8800 | D:9      | Killed a two-headed ogre
  8801 | D:9      | Reached skill level 1 in Evocations
  8867 | D:9      | Found an opulent altar of Gozag.
  8884 | D:10     | Entered Level 10 of the Dungeon
  8990 | D:9      | Noticed a two-headed ogre
  9013 | D:9      | Killed a two-headed ogre
  9518 | D:9      | Found a staircase to the Orcish Mines.
  9649 | D:9      | Noticed a two-headed ogre
  9660 | D:9      | Killed a two-headed ogre
  9661 | D:9      | Reached skill level 12 in Unarmed Combat
  9661 | D:9      | Reached XP level 11. HP: 90/90 MP: 12/12
 10382 | D:11     | Reached * piety under Makhleb
 10526 | D:10     | Reached skill level 10 in Fighting
 10786 | D:10     | Noticed a boulder beetle
 10797 | D:10     | Killed a boulder beetle
 10891 | D:10     | Found an iron altar of Okawaru.
 11186 | D:10     | Noticed a two-headed ogre
 11205 | D:10     | Killed a two-headed ogre
 11590 | D:12     | Noticed a white ugly thing
 11591 | D:12     | Noticed a deep elf pyromancer
 11601 | D:11     | Killed a white ugly thing
 11807 | D:11     | Reached skill level 5 in Evocations
 11847 | D:12     | Killed a deep elf pyromancer
 11865 | D:11     | Reached skill level 13 in Unarmed Combat
 12228 | D:12     | Noticed a two-headed ogre
 12237 | D:12     | Killed a two-headed ogre
 12928 | D:12     | Reached XP level 12. HP: 49/99 MP: 13/13
 12960 | D:12     | Reached ** piety under Makhleb
 13236 | D:12     | Slain by a red ugly thing

Illustrated notes

Levels and vault maps discovered:
D:1:      dpeg_arrival_connections, layout_basic, chequers_avenue
D:2:      layout_rooms
D:3:      layout_loops_ring, marbit_many_paths, shapermc_ecumenical_altar_petra
D:4:      layout_rooms, lemuel_doored_altar, uniq_robin
D:5:      layout_cave_pools, minmay_temple_entry_stoned_glass, uniq_ijyb
D:6:      layout_gridville, mainiacjoe_overflow_boulevard, kennysheep_mini,
          minivault_11, uniq_grinder, uniq_edmund, uniq_pikel, uniq_menkaure
D:7:      minmay_general_purpose_star, layout_loops_corners, feat_on_display,
          uniq_prince_ribbit1
D:8:      layout_rooms, erik_lair_island, patterned_corridor
D:9:      layout_basic, lemuel_crystal_altar, david_orc_5
D:10:     layout_stronghold, okawaru_humans
D:11:     layout_basic
D:12:     layout_cross
D:13:     minmay_polygon_palace, layout_long_grid, amcnicky_mini_pool_small,
          uniq_maurice, uniq_kirke
Temple:   lightli_temple_of_artemis

Skill      XL: |  1  2  3  4  5  6  7  8  9 10 11 |
---------------+----------------------------------+-----
Dodging        | 3 |  3.7
Armour         | 1 2 |  2.4
Spellcasting   | 1 |  1.0
Unarmed Combat | 1 3 4 6 8 10 12 13 | 13.6
Fighting       | 3 4 5 6 8 9 10 | 10.9
Evocations     | 3 6 |  6.2
Maces & Flails | |  2.6
Throwing       | |  1.7

Action                     |  1- 3 |  4- 6 |  7- 9 | 10-12 || total
---------------------------+-------+-------+-------+-------++-------
  Melee: Flail             |    21 |    18 |       |       ||    39
         Long sword        |    53 |    95 |       |       ||   148
         Punch             |     3 |     5 |    17 |    31 ||    56
         Unarmed           |       |   154 |   318 |   354 ||   826
  Throw: Throwing net      |       |     4 |       |     7 ||    11
         Dart              |       |       |       |     2 ||     2
    Use: Scroll            |       |     7 |     6 |     4 ||    17
         Potion            |       |     4 |     1 |       ||     5
   Stab: Held in net/web   |       |     5 |       |       ||     5
         Distracted        |       |       |     1 |     1 ||     2
 Armour: Leather armour    |    29 |     6 |       |       ||    35
         Chain mail        |       |   140 |    76 |       ||   216
         Scale mail        |       |       |   101 |   232 ||   333
         Troll leather arm |       |       |       |     3 ||     3
  Dodge: Dodged            |    58 |   111 |   147 |   150 ||   466
  Block: Other             |       |     6 |    63 |    67 ||   136

Table legend: (Time is in decaauts)
 A = Elapsed time spent in this place.
 B = Non-inter-level travel time spent in this place.
 C = Inter-level travel time spent in this place.
 D = Time resting spent in this place.
 E = Time spent auto-exploring this place.
 F = Levels seen in this place.
 G = Mean time per level.
                   A        B        C        D        E       F      G
               +--------+--------+--------+--------+--------+-----+--------+
         Total |  13198 |  12680 |    518 |   1673 |   7950 |  14 |  942.7 |
       Dungeon |  12931 |  12452 |    479 |   1578 |   7870 |  13 |  994.7 |
        Temple |    267 |    228 |     39 |     95 |     80 |   1 |  267.0 |
               +--------+--------+--------+--------+--------+-----+--------+

Top non-repeatable levels by time:
     D:5: 1543 daAuts
    D:11: 1389 daAuts
     D:6: 1292 daAuts
     D:3: 1291 daAuts
     D:8: 1212 daAuts
     D:9: 1192 daAuts
    D:10: 1155 daAuts
     D:7: 1133 daAuts
     D:4: 794 daAuts
     D:1: 777 daAuts
     D:2: 765 daAuts
    D:12: 382 daAuts
  Temple: 267 daAuts
    D:13: 1 daAuts
